cohdb
Replays
Latest Replays
All Replays
Popular Replays
Top Player Replays
Match Explorer
How It Works
Community
CoH3 Stats
Reddit
Sign in to upload your games and track your stats! →
Sign in with Steam
Match 45944434
Unlisted
Match 45944434
Overview
Messages
Build Orders
End
Construct Infanterie Kompanie
Kettenkrad Recon Vehicle
Selects Terror Battlegroup
Selects Heavy Gunnery
Grenadier Squad
Grenadier Squad
Grenadier Squad
Construct Panzergrenadier Kompanie
251 Medium Carrier
Selects Contempt for the Weak
Medical Station
Pak 40 Anti-tank Gun Team
Panzergrenadier Officer Quarters
Selects Jericho Trumpet
Jericho Trumpet
Support Elements
Selects Defend the Fatherland
Jericho Trumpet
StuG III G Assault Gun
Construct Luftwaffe Kompanie
Wirbelwind Flakpanzer
Nebelwerfer 42 Rocket Launcher Team
豪师傅
Eilte
Esxile
DebaKLeTV
0
0
Comments
sign in to comment!
No comments posted yet!